 Dungeon Crawl Stone Soup version 0.18.1-48-g4cf74bf (webtiles) character file.

30 Mesmaeker13 the Caller (level 3, -3/24 HPs)
             Began as a Merfolk Summoner on July 5, 2016.
             Slain by Terence
             ... wielding a +2 falchion of freezing
              (5 damage)
             ... on level 2 of the Dungeon.
             The game lasted 00:06:10 (1707 turns).

Mesmaeker13 the Caller (Merfolk Summoner)           Turns: 1707, Time: 00:06:12

Health: -3/24      AC:  2    Str:  6 (9)  XL:     3   Next: 20%
Magic:  3/6        EV: 13    Int: 11 (14) God:
Gold:   84         SH:  0    Dex: 12 (14) Spells: 2 memorised, 3 levels left

rFire  . . .     SeeInvis .     k - +0 spear
rCold  . . .     Gourm    .     a - +0 robe
rNeg   . . .     Faith    .     (no shield)
rPois  .         Spirit   .     (no helmet)
rElec  .         Dismiss  .     (no cloak)
rCorr  .         Reflect  .     (no gloves)
SustAt .         Harm     .     (no boots)
MR     .....                    (no amulet)
Stlth  ++........               (no ring)
                                (no ring)

@: not resistant to hostile enchantments, unstealthy
A: change form in water, swift swim
a: no special abilities


You were on level 2 of the Dungeon.
You were hungry.

You visited 1 branch of the dungeon, and saw 2 of its levels.

You collected 84 gold pieces.

Inventory:

Hand Weapons
 k - a +0 spear (weapon)
Armour
 a - a +0 robe (worn)
 l - a +0 ring mail
Scrolls
 g - a scroll of remove curse
 j - a scroll of magic mapping
Books
 b - a book of Callings

   Spells                             Type                      Level
   a - Summon Small Mammal            Summoning                    1
   b - Call Imp                       Summoning                    2
   c - Call Canine Familiar           Summoning                    3
   d - Summon Guardian Golem          Hexes/Summoning              3
   e - Summon Lightning Spire         Summoning/Air                4
   f - Summon Ice Beast               Ice/Summoning                4
Comestibles
 c - 2 bread rations
 f - 2 fruits


   Skills:
 + Level 0.4 Polearms
 + Level 3.8 Dodging
 - Level 2.1 Stealth
 - Level 2.0 Spellcasting
 + Level 4.4 Summonings


You had 3 spell levels left.
You knew the following spells:

 Your Spells              Type           Power        Failure   Level  Hunger
a - Summon Small Mammal   Summ           ##..         6%          1    ##.....
b - Call Imp              Summ           ##......     10%         2    ###....


Dungeon Overview and Level Annotations

Branches:
Dungeon (2/15)

Altars:

Annotations:
D:2 Terence


Message History

Your crimson imp blinks!
You hit Terence but do no damage.
Terence is almost dead.
Terence hits you but does no damage.
You barely miss Terence.
Terence is almost dead.
Your crimson imp disappears in a puff of smoke!
Terence hits you but does no damage.
You hit Terence but do no damage.
Terence is almost dead.
Your crimson imp blinks!
Terence looks scornfully at you. Terence hits you but does no damage.
You barely miss Terence.
Terence is almost dead.
You feel less woody.
Your +0 robe unmelds from your body.
Your crimson imp closely misses Terence.
Terence hits you with a falchion of freezing.
You die...

.....# ##.#...####...## ##......#
####.###..(###........###..####.#
# #.......# #.###...#.#.#.......
# #####...###.###....#.##..###.#
# #...............##.##..# #.# #
#.######..###...##.##..###.# ##
##.## #..# #.....#.#......#
.####.#.#####.5###.......>..#####
.....###.......@@ยง(.....###.#
.####.#.######.####.##### #.# ##
##.## #.# #.# #.# #.# #.# #.# #.#
##.## #5####.# #.# ##.#.##
#....5.# #.. ####.###.## ########
### ....## ##.# ####.###.##


You could see Terence and a friendly crimson imp.

Vanquished Creatures
  An ooze (D:1)
  A giant gecko (D:1)
  A giant cockroach (D:2)
  A goblin (D:1)
  3 hobgoblins
  3 bats (D:1)
  A giant newt (D:1)
  4 kobolds
  2 rats (D:1)
17 creatures vanquished.

Vanquished Creatures (collateral kills)
  An adder (D:2)
  A goblin (D:1)
  A hobgoblin (D:2)
  A rat (D:1)
4 creatures vanquished.

Grand Total: 21 creatures vanquished

Notes
Turn   | Place    | Note
--------------------------------------------------------------
     0 | D:1      | Mesmaeker13 the Merfolk Summoner began the quest for the Orb.
     0 | D:1      | Reached XP level 1. HP: 13/13 MP: 3/3
   322 | D:1      | Reached XP level 2. HP: 17/19 MP: 3/5
  1032 | D:2      | Learned a level 2 spell: Call Imp
  1235 | D:2      | Reached XP level 3. HP: 24/24 MP: 2/6
  1481 | D:2      | Noticed Terence
  1707 | D:2      | Slain by Terence

Skill      XL: |  1 |
---------------+----+-----
Dodging        | 3 |  3.8
Polearms       | |  0.4
Stealth        | |  2.1
Spellcasting   | |  2.0
Summonings     | |  4.4

Action                   || total
-------------------------++-------
Melee: Unarmed           ||     9
       Dagger            ||    38
       Spear             ||    40
 Cast: Summon Small Mamm ||    24
       Call Imp          ||     8
  Use: Scroll            ||     3
       Potion            ||     2
 Stab: Sleeping          ||     2
       Distracted        ||     1
  Eat: Chunk             ||     2
       Fruit             ||     1
Armor: Robe              ||     8
       Skin              ||     8
Dodge: Dodged            ||    49
